 Dungeon Crawl Stone Soup version 0.17-a0-1642-gd4b747b (webtiles) character file.

4701 maniek23 the Protected (level 10, 0/91 HPs)
             Began as a Minotaur Fighter on Aug 8, 2015.
             Slain by a six-headed hydra (4 damage)
             ... on level 8 of the Dungeon.
             The game lasted 00:21:47 (7506 turns).

maniek23 the Protected (Minotaur Fighter)           Turns: 7506, Time: 00:21:48

Health: 0/91       AC: 10    Str: 24    XL:     10   Next: 21%
Magic:  9/9        EV:  9    Int:  5    God:
Gold:   383        SH: 12    Dex: 10    Spells: 0 memorised, 9 levels left

rFire  + + .     SeeInvis .     Y - +3 short sword (freeze) (curse)
rCold  x . .     Clarity  .     b - +0 scale mail
rNeg   . . .     SustAt   .     C - +0 shield {rF+}
rPois  .         Gourm    .     (helmet restricted)
rElec  .         Spirit   .     n - +0 cloak
rCorr  .         Warding  .     (no gloves)
rMut   .         Stasis   .     (no boots)
MR     .....                    (no amulet)
Stlth  ..........               (no ring)
                                W - ring of fire

@: not resistant to hostile enchantments, extremely unstealthy
A: retaliatory headbutt, horns 2
a: no special abilities


You were on level 8 of the Dungeon.
You were not hungry.

You visited 3 branches of the dungeon, and saw 10 of its levels.
You also visited: Ossuary.

You collected 383 gold pieces.

Inventory:

Hand weapons
 a - a +0 war axe
 f - a +2 short sword of holy wrath
 l - a +4 short sword
 A - a +0 short sword of electrocution
 O - a +0 hand crossbow
 T - a +1 antimagic falchion
 Y - a cursed +3 short sword of freezing (weapon)
Missiles
 j - 2 javelins (quivered)
 t - 12 tomahawks
Armour
 b - a +0 scale mail (worn)
 c - a +0 shield
 n - a +0 cloak (worn)
 u - a +0 chain mail
 C - a +0 shield of fire resistance (worn)
 V - a +0 chain mail
Magical staves
 M - an uncursed staff of summoning
Jewellery
 W - a ring of fire (left hand)
Magical devices
 E - a wand of disintegration (14)
Scrolls
 g - a scroll of enchant armour
 h - 2 scrolls of recharging
 p - 3 scrolls of remove curse
 q - a scroll of magic mapping {unknown}
 r - a scroll of summoning {unknown}
 w - 3 scrolls of amnesia {unknown}
 H - a scroll of fear {unknown}
 I - 2 scrolls of torment {unknown}
 K - a scroll of noise {unknown}
 N - a scroll of blinking {unknown}
 Q - 2 scrolls of teleportation {unknown}
Potions
 d - a potion of might
 i - 5 potions of haste
 m - a potion of mutation {unknown}
 o - 2 potions of magic
 s - a potion of curing
 x - 2 potions of berserk rage
 z - 2 potions of lignification
 B - 3 potions of flight
 D - a potion of agility
 F - 4 potions of ambrosia
 G - a potion of invisibility
 L - 2 potions of brilliance
 S - a potion of poison {unknown}
 X - a potion of cancellation {unknown}
Books
 y - a book of the Dragon

   Spells                             Type                      Level
   a - Flame Tongue                   Conjuration/Fire             1
   b - Cause Fear                     Hexes                        4
   c - Bolt of Fire                   Conjuration/Fire             6
   d - Dragon Form                    Transmutation                7
   e - Dragon's Call                  Summoning                    9
 J - a book of Flames

   Spells                             Type                      Level
   a - Flame Tongue                   Conjuration/Fire             1
   b - Throw Flame                    Conjuration/Fire             2
   c - Conjure Flame                  Conjuration/Fire             3
   d - Inner Flame                    Hexes/Fire                   3
   e - Sticky Flame                   Conjuration/Fire             4
   f - Fireball                       Conjuration/Fire             5
 U - the Compendium of Damaging Heat
   (You found it on level 7 of the Dungeon)

   Spells                             Type                      Level
   a - Throw Flame                    Conjuration/Fire             2
   b - Ring of Flames                 Charms/Fire                  7
   c - Delayed Fireball               Conjuration/Fire             7
Comestibles
 e - 2 bread rations
 k - 5 beef jerkies
 v - a fruit
 P - 2 meat rations
 Z - 6 chunks of flesh


   Skills:
 + Level 9.5 Fighting
 * Level 0.0 Short Blades
 - Level 9.3 Axes
 + Level 10.0 Armour
 + Level 9.7 Shields


You had 9 spell levels left.
You didn't know any spells.

Dungeon Overview and Level Annotations

Branches:
Dungeon (8/15)             Temple (1/1) D:5            Lair (1/8) D:8

Altars:
Ashenzari
Cheibriados
Dithmenos
Elyvilon
Fedhas
Gozag
Kikubaaqudgha
Nemelex Xobeh
Qazlal
Ru
Sif Muna
Trog
Vehumet
Xom
Yredelemnul
Zin
The Shining One


Innate Abilities, Weirdness & Mutations

You reflexively headbutt those who attack you in melee.
You have a pair of horns on your head.


Message History

The six-headed hydra barely misses you.
You block the six-headed hydra's attack.
The six-headed hydra bites you but does no damage.
You block the six-headed hydra's attack.
The six-headed hydra bites you.
* * * LOW HITPOINT WARNING * * *
You hit the six-headed hydra. You freeze the six-headed hydra.
The six-headed hydra seems to slow down.
The six-headed hydra is heavily wounded.
You hit the six-headed hydra. You freeze the six-headed hydra.
The six-headed hydra seems to slow down.
The six-headed hydra is heavily wounded.
The six-headed hydra bites you but does no damage.
The six-headed hydra bites you.
* * * LOW HITPOINT WARNING * * *
You block the six-headed hydra's attack. x2
The six-headed hydra bites you!
* * * LOW HITPOINT WARNING * * *
The six-headed hydra bites you.
You die...

#..####........# #..
....# ##........ ...
#...# #.##..$.. ...
...# ###.##.#### ..
##. ###.....### .. ##
##.........######
#.##........P..#...#.
#...........PP.......
#...@D..>(......#
#..........P...##
#..#.......P./.## #..
##.........## ...
###.....### ..
.....### . ..##..# ..
##.. ##


You could see a six-headed hydra.

Vanquished Creatures
  An elephant (D:8)
  A slime creature (D:7)
  A yak (D:8)
  Menkaure (D:7)
  Duvessa (D:4)
  Purgy (D:4)
  2 ice beasts
  2 black bears (D:7)
  2 sky beasts
  An orc warrior (D:6)
  2 phantoms
  A crocodile (D:8)
  4 ogres
  2 giant frogs (D:6)
  A necrophage (D:5)
  2 elf zombies (Ossuary)
  Dowan (D:4)
  5 scorpions
  6 wights
  3 jellies
  3 centaur zombies
  An oklob sapling (D:5)
  5 hounds
  A giant frog zombie (D:7)
  2 crimson imps
  10 orc wizards
  5 iguanas
  Jessica (D:3)
  4 orc priests
  Natasha (D:2)
  5 worker ants
  A sheep (D:8)
  A hound zombie (Ossuary)
  3 mummies (Ossuary)
  9 adders
  8 gnolls (D:5)
  A shadow imp (D:6)
  4 oozes
  6 adder zombies
  3 worms
  2 giant geckos
  10 orcs
  5 bats
  4 giant cockroaches
  2 gnoll zombies (Ossuary)
  8 goblins
  3 hobgoblins (D:1)
  9 jackals
  2 quokkas
  A ball python (D:4)
  A giant gecko skeleton (D:4)
  4 giant newts
  3 goblin zombies (Ossuary)
  7 hobgoblin zombies (Ossuary)
  6 jackal zombies
  12 kobolds
  An orc zombie (Ossuary)
  4 quokka zombies (Ossuary)
  10 rats
  2 rat zombies (Ossuary)
  2 plants (D:5)
212 creatures vanquished.

Vanquished Creatures (others)
  An orc wizard (D:7)
1 creature vanquished.

Grand Total: 213 creatures vanquished

Notes
Turn   | Place    | Note
--------------------------------------------------------------
     0 | D:1      | maniek23 the Minotaur Fighter began the quest for the Orb.
     0 | D:1      | Reached XP level 1. HP: 19/19 MP: 0/0
   211 | D:1      | Reached XP level 2. HP: 18/27 MP: 1/1
   268 | D:1      | Reached skill level 4 in Armour
   562 | D:1      | Reached XP level 3. HP: 33/33 MP: 2/2
  1121 | D:2      | Reached XP level 4. HP: 31/40 MP: 3/3
  1244 | D:2      | Noticed Natasha
  1251 | D:2      | Killed Natasha
  1516 | D:3      | Reached XP level 5. HP: 42/47 MP: 4/4
  1759 | D:3      | Noticed Jessica
  1765 | D:3      | Killed Jessica
  1765 | D:3      | Reached skill level 5 in Armour
  1963 | D:3      | Found a glowing golden altar of the Shining One.
  1963 | D:3      | Found a glowing silver altar of Zin.
  2178 | D:3      | Noticed a phantom
  2199 | D:3      | Killed a phantom
  2199 | D:3      | Reached skill level 5 in Fighting
  2199 | D:3      | Reached skill level 5 in Shields
  2199 | D:3      | Reached XP level 6. HP: 47/56 MP: 5/5
  2654 | D:4      | Noticed Purgy
  2683 | D:4      | Killed Purgy
  2870 | D:4      | Reached XP level 7. HP: 58/62 MP: 6/6
  2912 | D:4      | Noticed Duvessa
  2912 | D:4      | Noticed Dowan
  2931 | D:4      | Killed Duvessa
  2931 | D:4      | Reached skill level 5 in Axes
  2931 | D:4      | Reached skill level 6 in Armour
  2945 | D:4      | Killed Dowan
  3553 | D:5      | Entered Level 5 of the Dungeon
  3727 | D:5      | Found an opulent altar of Gozag.
  3745 | D:5      | Found a staircase to the Ecumenical Temple.
  3774 | D:5      | Found a sand-covered staircase.
  3783 | Ossuary  | Entered an ossuary
  3916 | Ossuary  | Reached XP level 8. HP: 64/71 MP: 7/7
  4038 | Ossuary  | Reached skill level 7 in Armour
  4344 | Temple   | Entered the Ecumenical Temple
  5332 | D:6      | Reached skill level 8 in Armour
  5347 | D:6      | Reached XP level 9. HP: 73/81 MP: 8/8
  5869 | D:7      | Noticed Menkaure
  6436 | D:7      | Reached skill level 9 in Armour
  6442 | D:7      | Found a sparkling altar of Nemelex Xobeh.
  6562 | D:7      | Killed Menkaure
  6708 | D:7      | Found a bloodstained altar of Trog.
  7026 | D:7      | Identified the Compendium of Damaging Heat
  7083 | D:7      | Found a sacrificial altar of Ru.
  7241 | D:8      | Reached XP level 10. HP: 64/91 MP: 9/9
  7443 | D:8      | Found a staircase to the Lair.
  7444 | D:8      | Noticed an elephant
  7466 | D:8      | Killed an elephant
  7466 | D:8      | Reached skill level 10 in Armour
  7490 | Lair:1   | Entered Level 1 of the Lair of Beasts
  7490 | Lair:1   | Noticed a six-headed hydra
  7506 | D:8      | HP: 4/91 [six-headed hydra (10)]
  7506 | D:8      | Slain by a six-headed hydra

Vault maps used:
D:1:      dpeg_chamrin_arrival_tetris, hex_large
D:2:      uniq_natasha
D:3:      gammafunk_temple_overflow_elements, serial_co_window_serial,
          co_window_corner_a, co_window_corner_a, co_window_corner_a,
          co_window_cross_1, co_window_paths_a, co_window_corner_a,
          co_window_cross_1, co_window_corner_b, co_window_of_opportunity_b,
          co_window_unsneaky_path_e, co_window_of_opportunity_b,
          co_window_broadway_a, glass_columns_b, glass_columns_b,
          glass_columns_a, glass_columns_a, glass_columns_b, uniq_jessica
D:4:      kennysheep_big_flooded_room, first_bread, uniq_purgy, uniq_duvessa
D:5:      lemuel_doored_altar, minmay_temple_entry_oklob,
          nicolae_ossuary_entry_monument
D:6:      amethyst_killhole
D:7:      hangedman_cross_stitches, nicolae_ru_the_path_less_chosen,
          trog_ov_bears_minmay, nicolae_overflow_hidden_temple, uniq_menkaure
D:8:      okawaru_humans, lemuel_round_altar, david_lair_generic, serial_shops,
          kennysheep_mini, hangedman_tree_tricks, nrook_loot_triangle, hex_tiny
Temple:   triangle_lava_temple_11
Lair:1:   infiniplex_staircase_pool, grunt_megastairs_3
Ossuary:  minmay_ossuary_two_tombs

Action                   |  1- 3 |  4- 6 |  7- 9 | 10-12 || total
-------------------------+-------+-------+-------+-------++-------
Melee: War axe           |    87 |   102 |   469 |    38 ||   696
       Staff             |       |       |    25 |       ||    25
       Short sword       |       |       |       |     9 ||     9
  Use: Scroll            |       |       |    14 |       ||    14
       Potion            |       |       |       |     1 ||     1
  Eat: Chunk             |     1 |     2 |    10 |     2 ||    15
       Pizza             |       |     1 |       |       ||     1
       Fruit             |       |     1 |     1 |       ||     2
       Bread ration      |       |       |     1 |       ||     1
